 Dungeon Crawl Stone Soup version 0.22-a0-619-ga0c6fd2 (webtiles) character file.

177 Amnesiac the Conjurer (level 5, -1/35 HPs)
             Began as a Mummy Wizard on July 14, 2018.
             Was a Follower of Ru.
             Slain by an orc
             ... wielding a +0 falchion
              (4 damage)
             ... on level 3 of the Dungeon.
             The game lasted 00:04:17 (3801 turns).

Amnesiac the Conjurer (Mummy Wizard)                Turns: 3801, Time: 00:04:18

Health: -1/35      AC:  2    Str: 10    XL:     5   Next: 31%
Magic:  0/11       EV: 12    Int: 18    God:    Ru [*.....]
Gold:   182        SH:  0    Dex: 11    Spells: 1/12 levels left

rFire    x . .     SeeInvis .   a - +3 mace
rCold    + . .     Gourm    .   (no shield)
rNeg     + + +     Faith    +   h - +0 robe
rPois    ∞         Spirit   .   (no helmet)
rElec    .         Reflect  .   (no cloak)
rCorr    .         Harm     .   (no gloves)
MR       .....                  (no boots)
Stlth    ++........             b - amulet of faith
HPRegen  0.11/turn              (no ring)
MPRegen  0.12/turn              (no ring)

@: very slightly contaminated
A: no food or potions, fire vulnerability, cold resistance 1, negative energy
resistance 3, torment resistance, unbreathing, hated by all
a: Renounce Religion


You were on level 3 of the Dungeon.
You worshipped Ru.
Ru was aware of your devotion.
You were not hungry.

You visited 1 branch of the dungeon, and saw 4 of its levels.

You collected 182 gold pieces.

Inventory:

Hand Weapons
 a - a +3 mace (weapon)
Armour
 h - a +0 robe (worn)
Jewellery
 b - an amulet of faith (around neck)
Scrolls
 c - 5 scrolls of identify {!r, unknown}
 d - a scroll of noise {!r, unknown}
 e - a scroll of amnesia {!r, unknown}
 f - a scroll of immolation {!r, unknown}
 g - 2 scrolls of enchant weapon {!r, unknown}


   Skills:
 - Level 1.5 Dodging
 - Level 1.5 Stealth
 + Level 4.2 Spellcasting
 * Level 4.2 Conjurations
 - Level 0.7 Summonings
 - Level 0.7 Translocations


You had one spell level left.
You knew the following spells:

 Your Spells              Type           Power        Failure   Level  Hunger
a - Magic Dart            Conj           ###.         2%          1    N/A
b - Call Imp              Summ           #.......     16%         2    N/A
e - Mephitic Cloud        Conj/Pois/Air  #.......     24%         3    N/A
s - Conjure Flame         Conj/Fire      ##......     19%         3    N/A
v - Blink                 Tloc           N/A          16%         2    N/A

Your spell library contained the following spells:

 Spells                   Type           Power        Failure   Level  Hunger
 Slow                     Hex            #.......     22%         2    N/A

Dungeon Overview and Level Annotations

Branches:
Dungeon (4/15)
 Temple: D:4-7

Altars:
Ru
Uskayaw


Innate Abilities, Weirdness & Mutations

You do not eat or drink.
Your flesh is vulnerable to fire.
You are immune to poison.
Your flesh is cold resistant. (rC+)
You are immune to negative energy. (rN+++)
You are immune to unholy pain and torment.
You can survive without breathing.
You are hated by all.


Message History

Casting: Magic Dart (safe; 2% risk of failure)
Confirm with . or Enter, or press ? or * to list all spells.
Aiming: Magic Dart (safe; 2% risk of failure)
Press: ? - help, Shift-Dir - straight line, f/p - orc
Aim: an orc, wielding a flail of crushing and wearing a ring mail (almost dead)
The magic dart hits the orc.
You kill the orc!
You redirect the orc's attack!
The orc closely misses the orc.
Casting: Magic Dart (safe; 2% risk of failure)
Confirm with . or Enter, or press ? or * to list all spells.
Aiming: Magic Dart (safe; 2% risk of failure)
Press: ? - help, Shift-Dir - straight line, f - orc
Aim: an orc, wielding a falchion and wearing a chain mail The magic dart hits the orc.
The orc is moderately wounded.
The orc closely misses you.
The orc hits you with a vampiric dagger.
Casting: Magic Dart (safe; 2% risk of failure)
Confirm with . or Enter, or press ? or * to list all spells.
Aiming: Magic Dart (safe; 2% risk of failure)
Press: ? - help, Shift-Dir - straight line, f/p - orc
Aim: an orc, wielding a falchion and wearing a chain mail (moderately wounded)
You miscast Magic Dart.
Wisps of smoke drift from your hands.
The orc hits you with a vampiric dagger.
* * * LOW HITPOINT WARNING * * *
Casting: Magic Dart (safe; 2% risk of failure)
Confirm with . or Enter, or press ? or * to list all spells.
You don't have enough magic to cast that spell.
Casting: Magic Dart (safe; 2% risk of failure)
Confirm with . or Enter, or press ? or * to list all spells.
You don't have enough magic to cast that spell.
Press: ? - help, v - describe, . - travel
Here: an orc, wielding a vampiric dagger The floor.
You barely miss the orc.
The orc hits you with a vampiric dagger.
* * * LOW HITPOINT WARNING * * *
You closely miss the orc. The orc barely misses you.
The orc hits you with a vampiric dagger.
* * * LOW HITPOINT WARNING * * *
You barely miss the orc. The orc closely misses you.
You hit the orc.
The orc is moderately wounded.
The orc hits you but does no damage.
You sock the orc!
You kill the orc!
The orc hits you with a falchion.
* * * LOW HITPOINT WARNING * * *
You closely miss the orc.
The orc is moderately wounded.
The orc hits you with a falchion.
* * * LOW HITPOINT WARNING * * *
Unknown command.
Unknown command.
Casting: Magic Dart (safe; 2% risk of failure)
Confirm with . or Enter, or press ? or * to list all spells.
Aiming: Magic Dart (safe; 2% risk of failure)
Press: ? - help, Shift-Dir - straight line, f/p - orc
Aim: an orc, wielding a falchion and wearing a chain mail (moderately wounded)
The magic dart hits the orc.
The orc is moderately wounded.
The orc hits you with a falchion.
You die...

##..........##..###..#
##.#######..##..# #..#
............##..###..#
##.#######..##.......#
.<.# #.......##.....
##.# #..##.####.####
##.# #..##.# #.# ...#
#..##.####.###### ####
#.###..@o.)..)... #.#
######.###### #.# .#
### ##


You could see an orc.

Vanquished Creatures
  A howler monkey (D:4)
  6 adders
  An ooze (D:3)
  6 worms
  2 dart slugs (D:1)
  2 leopard geckos (D:1)
  4 orcs (D:3)
  2 ball pythons
  4 giant cockroaches
  3 goblins (D:3)
  7 hobgoblins
  2 quokkas (D:3)
  8 bats
  5 frilled lizards
  4 kobolds
  4 rats
61 creatures vanquished.

Vanquished Creatures (collateral kills)
  An adder (D:3)
1 creature vanquished.

Grand Total: 62 creatures vanquished

Notes
Turn   | Place    | Note
-------+----------+-------------------------------------------
     0 | D:1      | Amnesiac the Mummy Wizard began the quest for the Orb.
     0 | D:1      | Reached XP level 1. HP: 13/13 MP: 5/5
     8 | D:1      | Reached skill level 1 in Conjurations
   617 | D:3      | Reached XP level 2. HP: 19/19 MP: 2/7
   621 | D:3      | Learned a level 2 spell: Call Imp
   681 | D:3      | Found a faded altar of an unknown god.
  1199 | D:3      | Reached XP level 3. HP: 13/24 MP: 1/8
  1204 | D:3      | Learned a level 3 spell: Conjure Flame
  1208 | D:3      | Learned a level 3 spell: Mephitic Cloud
  1344 | D:4      | Noticed an ogre
  1452 | D:3      | Reached XP level 4. HP: 30/30 MP: 7/10
  1456 | D:3      | Learned a level 2 spell: Blink
  1528 | D:3      | Found a sacrificial altar of Ru.
  1628 | D:3      | Became a worshipper of Ru the Awakened
  2964 | D:2      | Found a hide-covered altar of Uskayaw.
  3109 | D:2      | Reached XP level 5. HP: 35/35 MP: 1/11
  3446 | D:3      | Gained mutation: You are hated by all. [Ru sacrifice]
  3446 | D:3      | Reached * piety under Ru
  3801 | D:3      | Slain by an orc

Vault maps used:
D:1:      lightli_iron_boxes, dk_noncrumbling_2
D:2:      nicolae_overflow_hidden_temple, first_ration, serial_glass,
          glass_columns_a, glass_columns_b, item_on_display_a
D:3:      overflow_temple_1_default, chequers_ecumenical_altar_simple_redux
D:4:      zin_treasury, gammafunk_temple_of_torment, overflow_temple_1_default

Skill      XL: |  1  2  3  4 |
---------------+-------------+-----
Conjurations   | 1 2 3 4 |  4.2
Dodging        | |  1.5
Stealth        | |  1.5
Spellcasting   | |  4.2
Summonings     | |  0.7
Translocations | |  0.7

Action                   |  1- 3 |  4- 6 || total
-------------------------+-------+-------++-------
Melee: Unarmed           |    27 |       ||    27
       Dagger            |    12 |     7 ||    19
       Mace              |       |    15 ||    15
 Cast: Magic Dart        |    49 |   141 ||   190
       Call Imp          |     4 |       ||     4
Invok: Sacrifice Love    |       |     1 ||     1
 Stab: Sleeping          |       |     1 ||     1
Armor: Robe              |     8 |     6 ||    14
Dodge: Dodged            |    31 |    26 ||    57

Table legend:
 A = Spawn XP
 B = Non-spawn XP
 C = Spawn XP percentage of total XP
 D = Spawn monster count
 E = Non-spawn monster count
 F = Spawn count percentage of total count
 G = Total turns spent on level
                    A         B        C        D         E        F      G
               +---------+---------+-------+---------+---------+-------+---------
         Total |       0 |     254 |   0.0 |       0 |      62 |   0.0 |  3801
               +---------+---------+-------+---------+---------+-------+---------
           D:1 |       0 |      40 |   0.0 |       0 |      22 |   0.0 |  1188
           D:2 |       0 |      78 |   0.0 |       0 |      12 |   0.0 |   995
           D:3 |       0 |      85 |   0.0 |       0 |      27 |   0.0 |  1609
           D:4 |       0 |      51 |   0.0 |       0 |       1 |   0.0 |     9
               +---------+---------+-------+---------+---------+-------+---------
